Map: Ephemeron LE

Players

SKillous

  • Race: Protoss Protoss
  • League: Grandmaster
  • Spawn Location: 5:00

Namshar - Winner!

  • Race: Zerg Zerg
  • League: Master
  • Spawn Location: 11:00

Event: NationWars 2019

VOD

Have the link to the VOD?

Description

Time

  • Played on: Oct. 13, 2019, 4:49 p.m.
  • Length: 11:25

All games in this series

Show
View Real Time Build Order
Export as new Build Order

SKillous Protoss 

Build Orders: 1 Gate Expand, Archon Immortal 

Get SALT Encoding   

  12  0:01  Probe  
  13  0:13  Probe  
  14  0:18  Pylon  
  14  0:25  Probe  
  14  0:28  Assimilator  
  15  0:37  Probe (Chrono Boost)  
  16  0:44  Gateway  
  16  0:49  Probe (Chrono Boost)  
  17  0:54  Probe (Chrono Boost)  
  18  1:03  Probe  
  19  1:15  Probe  
  20  1:24  Nexus  
  20  1:34  Cybernetics Core  
  20  1:37  Probe  
  21  1:42  Assimilator  
  21  1:49  Probe  
  21  1:53  Pylon  
  22  2:01  Probe  
  23  2:09  Adept (Chrono Boost)  
  23  2:12  Warp Gate  
  23  2:14  Probe  
  26  2:18  Twilight Council  
  26  2:27  Probe (Chrono Boost)  
  26  2:29  Stalker (Chrono Boost)  
  27  2:36  Probe (Chrono Boost)  
  31  2:44  Probe (Chrono Boost)  
  31  2:45  Probe (Chrono Boost)  
  31  2:50  Probe x2 (Chrono Boost)  
  33  2:55  Resonating Glaives  
  34  2:59  Adept  
  34  3:02  Probe (Chrono Boost)  
  34  3:03  Probe (Chrono Boost)  
  36  3:11  Gateway  
  36  3:12  Gateway  
  36  3:14  Probe (Chrono Boost)  
  38  3:22  Probe (Chrono Boost)  
  38  3:23  Probe (Chrono Boost)  
  38  3:26  Robotics Facility  
  39  3:28  Probe  
  39  3:29  Adept  
  39  3:31  Probe  
  43  3:36  Pylon  
  44  3:43  Probe (Chrono Boost)  
  44  3:44  Pylon  
  44  3:45  Probe (Chrono Boost)  
  45  3:53  Probe (Chrono Boost)  
  47  3:56  Probe (Chrono Boost)  
  47  3:58  Probe (Chrono Boost)  
  48  4:05  Assimilator  
  48  4:06  Probe (Chrono Boost)  
  48  4:07  Adept, Assimilator  
  48  4:08  Adept x2  
  55  4:13  Probe (Chrono Boost)  
  55  4:16  Pylon  
  57  4:17  Observer  
  57  4:18  Probe (Chrono Boost)  
  59  4:24  Forge  
  59  4:25  Probe (Chrono Boost)  
  59  4:26  Probe (Chrono Boost)  
  59  4:29  Adept  
  62  4:33  Pylon  
  62  4:39  Adept x2  
  62  4:43  Immortal (Chrono Boost)  
  70  4:55  Nexus  
  70  4:59  Protoss Ground Weapons Level 1  
  70  5:03  Probe  
  70  5:04  Pylon, Probe  
  72  5:07  Sentry x2  
  76  5:15  Probe  
  76  5:16  Probe  
  76  5:19  Immortal (Chrono Boost)  
  78  5:24  Pylon  
  78  5:27  Probe  
  83  5:31  Probe  
  84  5:35  Pylon  
  84  5:39  Gateway x2  
  84  5:40  Probe  
  85  5:43  Probe  
  85  5:45  Sentry x2  
  90  5:52  Probe  
  90  5:55  Immortal (Chrono Boost)  
  97  6:04  Probe  
  97  6:06  Gateway  
  97  6:07  Gateway  
  97  6:10  Probe x2  
  98  6:14  Gateway  
  98  6:18  Probe  
  99  6:20  Sentry  
  99  6:22  Probe  
  99  6:23  Pylon  
  102  6:26  Probe  
  102  6:27  Warp Prism  
  102  6:31  Probe  
  106  6:34  Stalker  
  106  6:36  Probe  
  106  6:39  Stalker  
  111  6:40  Probe  
  111  6:42  Assimilator  
  111  6:43  Probe  
  111  6:47  Assimilator  
  111  6:48  Stalker, Probe  
  111  6:52  Probe  
  113  6:56  Probe  
  113  6:59  Stalker x3  
  118  7:02  Templar Archives  
  118  7:03  Charge  
  118  7:06  Protoss Ground Weapons Level 2 (Chrono Boost)  
  118  7:14  Immortal (Chrono Boost)  
  122  7:24  Gateway  
  122  7:25  Gateway  
  122  7:27  Gateway  
  122  7:30  Probe  
  123  7:40  High Templar  
  125  7:44  Pylon  
  125  7:45  Pylon  
  125  7:46  Pylon x2  
  125  7:47  Pylon  
  125  7:50  Gateway  
  125  7:55  Pylon  
  125  7:56  Pylon  
  123  8:10  High Templar  
  123  8:11  High Templar x2  
  123  8:12  High Templar x2  
  125  8:13  Zealot x3  
  125  8:15  Archon x2  
  125  8:17  Immortal  
  125  8:18  Archon  
  137  8:31  High Templar x2  
  137  8:33  Shield Battery  
  141  8:35  Shield Battery  
  141  8:36  Archon  
  141  8:37  Zealot x3  
  147  8:44  Zealot x2  
  147  8:45  Zealot x3  
  127  8:50  Zealot x2  
  92  8:56  Immortal (Chrono Boost)  
  92  8:57  Zealot x3  
  84  9:04  Zealot x4  
  84  9:05  Zealot x3  
  88  9:11  Zealot x2  
  88  9:14  Probe x2 (Chrono Boost)  
  88  9:15  Probe (Chrono Boost)  
  91  9:20  Zealot x2  
  89  9:26  Probe x2 (Chrono Boost)  
  89  9:30  High Templar x5  
  92  9:31  High Templar  
  92  9:32  Zealot x3  
  92  9:35  Archon x3  
  99  9:41  Sentry  
  99  9:42  Zealot  
  103  9:48  Gateway  
  103  9:59  High Templar x2  
  107  10:00  Zealot x2  
  107  10:03  Archon  
  107  10:05  Zealot x5  
  121  10:09  Zealot x2  
  121  10:13  Probe (Chrono Boost)  
  102  10:18  Probe x2 (Chrono Boost)  
  93  10:22  Probe (Chrono Boost)  
  93  10:24  High Templar  
  93  10:25  High Templar, Zealot x3  
  93  10:26  Probe (Chrono Boost)  
  103  10:29  Probe (Chrono Boost)  
  103  10:33  Warp Prism (Chrono Boost)  
  89  10:37  Archon  
  91  10:42  High Templar  
  91  10:43  High Templar, Zealot  
  91  10:44  Zealot x2  
  91  10:47  Zealot  
  101  10:51  Archon  
  101  10:53  Zealot  
  101  10:56  Zealot  
  87  11:09  Zealot x3  
Show
View Real Time Build Order
Export as new Build Order

Namshar Zerg - Winner!

Build Orders: Hatch First 

Get SALT Encoding   

  12  0:00  Drone  
  13  0:12  Overlord  
  13  0:17  Drone  
  14  0:30  Drone x2  
  16  0:48  Hatchery  
  15  0:51  Drone  
  15  0:55  Drone  
  17  0:58  Drone  
  18  1:09  Extractor  
  17  1:14  Spawning Pool  
  17  1:18  Drone  
  17  1:20  Drone  
  18  1:28  Drone  
  19  1:38  Drone  
  20  1:51  Overlord  
  20  2:01  Zergling x4, Queen x2  
  26  2:11  Drone x2  
  28  2:22  Drone x2  
  30  2:31  Hatchery  
  30  2:32  Drone  
  30  2:36  Pneumatized Carapace  
  30  2:42  Overlord  
  30  2:45  Drone  
  30  2:47  Drone  
  32  2:54  Drone  
  33  2:59  Overlord  
  33  3:03  Queen  
  33  3:04  Drone  
  33  3:05  Drone  
  35  3:10  Drone x2  
  35  3:12  Drone  
  38  3:13  Drone  
  38  3:16  Drone  
  38  3:19  Drone  
  41  3:25  Drone  
  41  3:26  Overlord  
  42  3:33  Drone  
  43  3:37  Roach Warren  
  43  3:39  Lair  
  42  3:42  Drone  
  42  3:43  Drone x2  
  42  3:45  Drone  
  46  3:48  Extractor  
  46  3:49  Drone x2, Extractor  
  46  3:54  Drone  
  46  3:55  Drone x2  
  49  4:02  Drone x2  
  51  4:05  Overlord  
  51  4:17  Roach x3  
  51  4:18  Overlord x2  
  51  4:21  Overlord  
  57  4:25  Roach x3  
  57  4:28  Roach  
  65  4:34  Overlord  
  65  4:36  Glial Reconstitution  
  65  4:37  Roach  
  67  4:39  Roach  
  69  4:48  Overseer  
  69  4:53  Drone x4  
  69  4:54  Drone  
  69  4:57  Queen  
  69  4:59  Overlord  
  76  5:00  Drone  
  76  5:01  Overseer, Drone  
  82  5:07  Roach x2  
  82  5:09  Drone  
  83  5:16  Roach  
  83  5:17  Roach  
  87  5:25  Drone  
  87  5:26  Drone x7  
  95  5:33  Queen  
  95  5:34  Evolution Chamber  
  96  5:35  Drone  
  96  5:36  Drone x4, Baneling Nest  
  96  5:41  Queen  
  102  5:45  Extractor  
  102  5:48  Overlord  
  102  5:49  Overlord  
  101  5:56  Roach  
  101  5:57  Roach  
  105  5:59  Drone  
  105  6:00  Extractor  
  105  6:01  Extractor  
  105  6:04  Overlord x2  
  104  6:09  Drone x6  
  104  6:10  Drone  
  111  6:12  Zerg Melee Weapons Level 1  
  111  6:17  Overlord x2  
  111  6:18  Centrifical Hooks  
  111  6:20  Ravager x3  
  111  6:24  Roach x4  
  122  6:29  Overlord x2  
  122  6:36  Hatchery  
  122  6:38  Overlord  
  121  6:41  Zergling x2  
  121  6:42  Zergling x6, Ravager  
  121  6:43  Ravager  
  121  6:44  Zergling x2  
  128  6:53  Spore Crawler  
  127  6:58  Zergling x16  
  134  7:03  Metabolic Boost  
  134  7:05  Baneling x5  
  134  7:06  Baneling x5  
  134  7:07  Overseer  
  134  7:11  Drone  
  134  7:13  Overlord x2  
  134  7:15  Zergling x6  
  139  7:17  Baneling x6  
  139  7:29  Drone  
  140  7:31  Infestation Pit  
  140  7:32  Zergling x14  
  145  7:40  Zergling x14  
  152  7:46  Overlord  
  152  7:48  Zergling x4  
  154  8:04  Zergling x2  
  154  8:05  Zergling x16  
  162  8:09  Zergling x2  
  162  8:18  Hive, Drone  
  162  8:19  Zerg Melee Weapons Level 2, Zergling x2  
  164  8:20  Zergling x12, Spire  
  164  8:21  Baneling x10  
  164  8:24  Baneling x2  
  164  8:25  Baneling x3, Ravager  
  170  8:31  Drone x5, Baneling  
  170  8:33  Extractor  
  170  8:34  Extractor  
  170  8:35  Baneling  
  164  8:41  Zergling x12, Roach  
  164  8:43  Roach  
  164  8:45  Zergling x4  
  156  8:49  Zergling x4, Roach  
  156  8:53  Zergling x4, Roach  
  152  8:59  Zergling x8, Roach  
  149  9:02  Zergling x2  
  149  9:03  Zergling x2  
  149  9:09  Zergling x4  
  142  9:20  Zergling x6, Roach  
  131  9:30  Zergling x26, Roach  
  139  9:32  Baneling x12  
  139  9:33  Ravager  
  139  9:34  Ravager x2  
  139  9:35  Greater Spire  
  142  9:39  Adrenal Glands  
  142  9:48  Baneling x2  
  142  9:49  Drone x2, Baneling x6  
  142  9:50  Drone  
  144  9:59  Zergling x16, Roach  
  149  10:07  Zergling x10, Roach  
  149  10:10  Zergling x4, Roach  
  143  10:17  Zergling x2, Roach  
  143  10:18  Zergling x6  
  138  10:24  Roach x4  
  143  10:33  Zergling x14, Roach  
  145  10:37  Baneling  
  145  10:38  Baneling x5  
  145  10:40  Baneling x6  
  145  10:46  Zergling x2  
  145  10:47  Zergling x6, Roach  
  146  11:00  Zergling x2  
  146  11:01  Zergling x22, Roach  
Tags
 
Add a new tag
Caveats
  • Supply blocks, unpowered buildings, or Contaminate may cause inaccurate times.
  • Supply counts are checked every 10 seconds.